 BcadrenCrawl: Boulder Brew version 0.06-688-g08e91b2d95 (webtiles) character file.

Game seed: 6299709004262126211

5152 Leeroy the Serendipitous (level 10, -1/118 HPs) Purple Draconian Priest. Began on Feb 1, 2023. Was a High Priest of Bahamut & Tiamat. Slain by a troll (20 damage) ... on level 5 of the Dungeon. The game lasted 00:21:59 (8125 turns).

Leeroy the Serendipitous (Purple Draconian Priest)  Turns: 8125, Time: 00:21:59

Health: -1/118     AC:  8    Str: 14    XL:     10 ^: 3611
Magic:  20/20      EV: 12    Int: 16    God:    Bahamut & Tiamat [5* [141]]
Gold:   199        SH:  0    Dex: 16    Spells: 9/9 levels left

rFire    . . .     Slash    +     - Unarmed
rCold    . . .     Pierce   x     - Unarmed
rNeg     . . .     Bludgeon .   (armour unavailable)
rCorr    + . .     Vision   .   (helmet restricted)
rPois    .         Gourm    .   (no cloak)
rElec    .         Faith    .   c - +1 pair of clawed gauntlets (molten)
MR       ++...     Spirit   .   (no boots)
HPRegen  0.49/turn Reflect  .   q - amulet of magic regeneration
MPRegen  0.55/turn Harm     .   d - ring of intelligence
Stlth    ++........             O - ring of resist corrosion

@: short of breath
A: deformed body 2, cold-blooded, boosted maces & staves aptitude, hexes
enhancer 1, MR++, draconic flesh, AC +8
a: Breathe Dispelling Energy, Adaptive Breath, Drake Mount, Renounce Religion


You were on level 5 of the Dungeon.
You worshipped Bahamut & Tiamat.
Bahamut & Tiamat was extremely pleased with you.
You were not hungry.

You visited 1 branch of the dungeon, and saw 5 of its levels.
You also visited: Temple.

You collected 199 gold pieces.

Inventory:

Weapons
 h - a +0 short sword of venom
 p - a +0 whip of freezing
 s - a +0 scythe
 y - a +2 whip of venom
 A - a +2 dagger of venom
 B - a +4 cleaver of chaos
 C - a cursed +4 whip {(Curse: Dex-4)}
 M - a +0 rapier
 N - a cursed +1 scimitar of freezing {(Curse: *Slow)}
 Q - a +3 dagger of freezing Shields
 G - a +0 sai
Armour
 c - a +1 pair of clawed gauntlets of molten steel (worn)
 j - a +0 helmet
Jewellery
 d - a ring of intelligence (left claw)
 g - a cursed ring of ice {(Curse: *Slow)}
 q - an amulet of magic regeneration (around neck)
 u - a cursed ring of magical power {(Curse: MR-)}
 x - a cursed ring of fire {(Curse: *Slow)}
 E - a cursed ring of strength {(Curse: *Slow)}
 I - an uncursed ring of strength
 K - an uncursed ring of ice
 O - a ring of resist corrosion (right claw)
 P - an uncursed ring of fire
 R - an uncursed ring of intelligence
Wands
 b - a wand of hasting (3)
 o - a wand of ensnaring (2)
 L - a wand of clouds (2)
Scrolls
 e - 2 scrolls of vulnerability
 m - a scroll of fog
 n - 2 scrolls of magic mapping
 v - a scroll of immolation
 w - a scroll of teleportation
 D - 4 scrolls of bless item
 H - a scroll of torment
 J - a scroll of summoning
Potions
 f - 7 potions of curing
 k - a potion of might
 r - 3 potions of amnesia
 t - a potion of invisibility
 z - 2 potions of cancellation
Comestibles
 a - 12 rations
 i - 3 chunks of flesh


   Skills:
 - Level 7.1 Fighting
 - Level 1.5 Dodging
 - Level 1.4 Stealth
 + Level 5.3 Unarmed Combat
 - Level 14.2 Invocations


You had 9 spell levels left.
You didn't know any spells.
Your spell library was empty.

Dungeon Overview and Level Annotations

Branches:
Dungeon (5/8)              Temple (0/1) D:4
   Lair: D:5

Altars:
Elyvilon
Xom

Shops:
D:3 !   D:4 *


Innate Abilities, Weirdness & Mutations

Your rich purple scales are resilient. (AC +8)
You can breathe bolts of dispelling energy.
You cannot wear any armour on your peculiar form.
You are cold-blooded and are slowed more easily by cold attacks.
You are naturally skilled at Maces & Staves (Aptitude +3).
You are in touch with the powers of hexes.
Your rich purple scales protect you from hostile magic. (MR++)
Your scales resist being cut, but it's oddly easy to stick a small blade between them. (rSlashing+, rPiercing-)


Message History

The troll claws you (2). You resist.
* * * LOW HITPOINT WARNING * * *
The troll claws you but does no damage.
You barely miss the troll. You scratch the troll (1). You burn the troll (1).
The troll is heavily wounded. (23/39) HP Unknown command.
You scratch the troll (3). You burn the troll (3). You scratch the troll (3).
You burn the troll (3).
The troll is severely wounded. (11/39) HP The troll bites you (14)!
You are perforated ruthlessly!
* * * LOW HITPOINT WARNING * * *
The troll claws you but does no damage. x2
Unknown command.
You scratch the troll but do no damage. You scratch the troll (1).
You burn the troll (1).
The troll is severely wounded. (10/39) HP You scratch the troll (1).
You burn the troll (1). You barely miss the troll.
The troll is severely wounded. (8/39) HP The troll bites you (20)!!
You are perforated ruthlessly!
You die...

...............
........%b........
.................
...............#
#..............##
#...............#
#..............#
#..)[..†.......#
#...@..........# #
#...T..........#
#..##)............##
#............<....#
#..............÷..#
#..###..#......<.##
... #...###.......#
.. #..## ###...#....
. ....# ####..####


You could see a troll.

Vanquished Creatures
  Pikel (D:2)
  Psyche (D:4)
  Sigmund (D:2)
  A wyvern (D:5)
  A slime creature (D:2)
  A scorpion (D:4)
  4 porcupines
  2 ice beasts (D:4)
  Ijyb (D:2)
  4 ogres
  3 big kobolds (D:2)
  4 crocodiles (D:2)
  A centaur (D:5)
  2 howler monkeys (D:4)
  A killer bee (D:4)
  9 wights (D:4)
  A hornet zombie (D:4)
  7 llaibwcod (D:4)
  2 orc priests (D:4)
  3 hounds
  12 jellies
  4 orc wizards
  A gnoll shaman (D:3)
  2 worker ants (D:4)
  A wyvern zombie (D:4)
  4 wyvern skeletons
  10 giant cockroaches
  2 haearbwcod (D:4)
  2 cysgobwcod (D:3)
  10 adders
  8 gnolls
  3 gwybwcod
  24 sewer rats
  10 worms
  13 cinder newts
  4 bullfrogs (D:4)
  A howler monkey skeleton (D:3)
  14 oozes
  7 leopard geckos
  15 orcs
  An adder skeleton (D:2)
  An adder zombie (D:5)
  3 goblins (D:1)
  3 hobgoblins (D:1)
  7 jackals
  A quokka (D:5)
  5 ball pythons
  14 bats
  2 goblin skeletons (D:2)
  2 jackal skeletons
  11 kobolds
  2 leopard gecko skeletons
  A quokka skeleton (D:3)
  5 rats
  A rat skeleton (D:2)
  2 slaves (D:2)
  4 withered plants (D:2)
262 creatures vanquished.

Vanquished Creatures (others)
  3 sewer rats (D:2)
  A leopard gecko (D:2)
  A bat skeleton (D:2)
  A hobgoblin skeleton (D:2)
  A kobold (D:2)
  A leopard gecko skeleton (D:2)
  8 fungi (D:5)
  4 giant blowflies
  14 plants (D:5)
  3 slimeheads (D:2)
  119 withered plants (D:2)
156 creatures vanquished.

Grand Total: 418 creatures vanquished

Notes
Turn   | Place    | Note
-------+----------+-------------------------------------------
     0 | Start Te | Leeroy the Immature Draconian Priest began the quest for
                  | the Orb.
     0 | Start Te | Reached XP level 1. HP: 29/29 MP: 3/3
     0 | Start Te | Found a sparkling altar of Nemelex Xobeh.
     1 | Start Te | Found a basalt altar of Yredelemnul.
     1 | Start Te | Found a white marble altar of Elyvilon.
     2 | Start Te | Found an iron altar of Okawaru.
     3 | Start Te | Found a glowing silver altar of Zin.
     3 | Start Te | Found a blossoming altar of Fedhas.
     4 | Start Te | Found a stormy altar of Qazlal.
     5 | Start Te | Found a glowing golden altar of the Shining One.
     5 | Start Te | Found an opulent altar of Gozag.
     6 | Start Te | Found a sacrificial altar of Ru.
     7 | Start Te | Found an ornate altar of Bahamut and Tiamat.
     7 | Start Te | Found a hazy altar of Hepliaklqana.
    15 | Start Te | Became a worshipper of Bahamut & Tiamat
    15 | Start Te | Reached * piety under Bahamut & Tiamat
    15 | Start Te | Reached ** piety under Bahamut & Tiamat
    98 | D:1      | Reached XP level 2. HP: 38/39 MP: 5/5
   236 | D:1      | Reached XP level 3. HP: 45/49 MP: 6/6
   508 | D:1      | Reached XP level 4. HP: 58/59 MP: 7/7
   639 | D:1      | Reached *** piety under Bahamut & Tiamat
  1110 | D:1      | Reached skill level 5 in Unarmed Combat
  1241 | D:2      | Reached XP level 5. HP: 67/69 MP: 8/8
  1291 | D:2      | Reached skill level 5 in Invocations
  1419 | D:2      | Noticed Ijyb
  1564 | D:2      | Noticed Sigmund
  1843 | D:2      | Reached XP level 6. HP: 71/79 MP: 10/10
  1848 | D:2      | Reached skill level 6 in Invocations
  1851 | D:2      | Killed Ijyb
  1917 | D:2      | Reached skill level 7 in Invocations
  2137 | D:2      | Reached **** piety under Bahamut & Tiamat
  2190 | D:2      | Your scales start taking on a rich purple colour.
  2190 | D:2      | Reached XP level 7. HP: 66/89 MP: 12/12
  2190 | D:2      | Gained mutation: Your rich purple scales protect you from
                  | hostile magic. (MR++) [Purple Draconian growth]
  2190 | D:2      | Gained mutation: You are in touch with the powers of hexes.
                  | [Purple Draconian growth]
  2304 | D:2      | Reached skill level 8 in Invocations
  2714 | D:2      | Noticed Pikel
  2732 | D:2      | Killed Pikel
  2732 | D:2      | Reached skill level 10 in Invocations
  2732 | D:2      | Reached XP level 8. HP: 86/99 MP: 13/15
  2870 | D:2      | Killed Sigmund
  3016 | D:2      | Reached skill level 11 in Invocations
  3751 | D:2      | Found a white marble altar of Elyvilon.
  3805 | D:2      | Reached skill level 12 in Invocations
  4041 | D:2      | Reached XP level 9. HP: 65/108 MP: 18/18
  4677 | D:3      | Found Winloes's Distillery.
  5104 | D:3      | Reached skill level 13 in Invocations
  6232 | D:4      | Noticed Psyche
  6239 | D:4      | Killed Psyche
  6239 | D:4      | Reached skill level 14 in Invocations
  6555 | D:4      | Gained mutation: You are naturally skilled at Maces &
                  | Staves (Aptitude +3). [draconic bloodline]
  6555 | D:4      | Reached XP level 10. HP: 42/118 MP: 20/20
  6733 | D:4      | Reached ***** piety under Bahamut & Tiamat
  6739 | D:4      | Found a staircase to the Ecumenical Temple.
  6749 | D:4      | Found a shimmering altar of Xom.
  6888 | D:4      | Reached skill level 5 in Fighting
  7411 | D:4      | Found Reonn's Mayhem Merchandise.
  7415 | D:4      | Identified the +5 chain mail "Voowo" {-Vis rN+++ Str+5}
  8011 | D:5      | Entered Level 5 of the Dungeon
  8125 | D:5      | Slain by a troll

Illustrated notes

Levels and vault maps discovered:
D:1:      psy_arrival_conway, layout_loops_ring, grunt_decor_fettered,
          hangedman_decor_growths, minmay_misc_feat_pillars, moated_statue
D:2:      layout_sewer, elyvilon_niche, first_ration, minivault_23,
          uniq_sigmund, uniq_ijyb, uniq_pikel
D:3:      layout_rooms, serial_shops, nicolae_shop_stone
D:4:      minmay_slanted_spiral_squares, layout_basic,
          minmay_temple_entry_proselytizer, hangedman_little_slice_of_home,
          minmay_shop_mayhem, led_xom_imps, uniq_psyche
D:5:      layout_layer_cave, due_lair_maze_entry_diamond, serial_shops,
          nicolae_shop_crystal, dk_yredelemnul_ordeal

Skill      XL: |  1  2  3  4  5  6  7  8  9 10 |
---------------+-------------------------------+-----
Unarmed Combat | 3 4 5 |  5.3
Invocations    | 5 7 10 12 14 | 14.2
Fighting       | 3 7 |  7.1
Dodging        | |  1.5
Stealth        | |  1.4

Action                   |  1- 3 |  4- 6 |  7- 9 | 10-12 || total
-------------------------+-------+-------+-------+-------++-------
Melee: Unarmed           |    86 |   279 |   818 |   317 ||  1500
       Peck              |     5 |    29 |    88 |    27 ||   149
Throw: Skull             |       |       |     1 |       ||     1
Invok: Choose Bahamut's  |     1 |       |       |       ||     1
       Choose Tiamat's A |     1 |       |       |       ||     1
       Adaptive Breath   |       |       |     5 |     3 ||     8
       Choose Bahamut's  |       |       |     1 |       ||     1
       Drake Mount       |       |       |     1 |       ||     1
  Use: Scroll            |     1 |     1 |     1 |       ||     3
       Potion            |       |       |       |     4 ||     4
 Stab: Sleeping          |     4 |     2 |     6 |     4 ||    16
       Distracted        |       |     1 |       |       ||     1
  Eat: Chunk             |       |     4 |    17 |     6 ||    27
Armor: Skin              |    12 |    24 |    78 |    35 ||   149
Dodge: Dodged            |    18 |    24 |    73 |    29 ||   144
